Map: 新奇之地-天梯版

Players

电脑难度(新手)

  • Race: Terran Terran

生化莽妇晓仙仙 - Winner!

  • Race: Zerg Zerg
  • League: Master

VOD

Have the link to the VOD?

Description

Time

  • Played on: Feb. 22, 2022, 12:48 a.m.
  • Length: 10:59
Show
View Real Time Build Order
Export as new Build Order

电脑难度(新手) Terran 

Build Orders:  

Get SALT Encoding   

  12  0:00  SCV  
  13  0:13  SCV  
  14  0:18  Supply Depot  
  14  0:37  Refinery  
  14  0:42  Barracks  
  14  1:02  Supply Depot  
  14  1:11  Refinery  
  14  1:28  SCV  
  14  1:30  Marine  
  16  1:41  SCV  
  17  1:53  SCV  
  18  2:03  Marine  
  18  2:05  SCV  
  20  2:17  SCV  
  21  2:29  SCV  
  22  2:35  Marine  
  23  2:42  Orbital Command  
  23  5:50  SCV  
  23  5:51  Marine  
  23  5:52  Supply Depot  
  23  5:54  Factory  
  25  6:13  SCV  
  25  6:16  Supply Depot  
  26  6:24  Barracks Tech Lab  
  26  6:25  SCV  
  24  6:37  SCV  
  24  6:41  Starport  
  24  6:43  Marauder  
  26  6:49  SCV  
  26  6:50  Command Center  
  27  7:01  SCV  
  28  7:16  Marine  
  28  7:17  Starport Tech Lab  
  29  7:37  Raven  
  31  7:49  Marine  
  32  8:03  SCV  
  33  8:10  SCV  
  33  8:11  Refinery  
  34  8:14  Refinery  
  34  8:18  SCV  
  35  8:20  Raven  
  35  8:23  Marine  
  35  8:25  SCV  
  39  8:32  SCV  
  40  8:39  SCV  
  41  8:47  SCV  
  42  8:54  SCV  
  43  9:01  SCV  
  44  9:08  SCV  
  45  9:15  SCV  
  46  9:22  SCV  
  47  9:30  SCV  
  48  9:37  SCV  
  49  9:44  SCV  
  50  10:15  Marine  
  50  10:19  SCV  
  22  10:30  Supply Depot  
Show
View Real Time Build Order
Export as new Build Order

生化莽妇晓仙仙 Zerg - Winner!

Build Orders: Hatch First 

Get SALT Encoding   

  13  0:07  Drone  
  13  0:12  Overlord  
  13  0:18  Drone  
  14  0:32  Drone x2  
  16  0:49  Hatchery  
  15  0:52  Drone  
  16  0:57  Drone  
  16  1:01  Drone  
  18  1:11  Extractor  
  17  1:15  Spawning Pool  
  17  1:17  Drone  
  17  1:23  Drone  
  18  1:35  Drone  
  19  1:45  Drone  
  20  1:57  Drone  
  21  2:05  Queen  
  21  2:06  Queen  
  21  2:07  Zergling x4  
  27  2:16  Drone  
  27  2:20  Hatchery  
  27  2:23  Overlord  
  27  2:32  Drone  
  27  2:35  Extractor, Drone  
  29  2:41  Queen  
  31  2:44  Overlord  
  31  2:45  Drone  
  32  2:52  Drone x2  
  32  2:57  Drone  
  35  3:01  Drone  
  36  3:06  Overlord  
  36  3:09  Drone  
  37  3:14  Drone  
  37  3:15  Drone x2  
  37  3:16  Metabolic Boost  
  40  3:21  Drone  
  40  3:22  Drone  
  40  3:24  Drone x2  
  44  3:31  Drone  
  44  3:32  Queen  
  44  3:34  Drone x2  
  49  3:38  Drone  
  49  3:40  Drone  
  51  3:48  Overlord  
  51  3:49  Drone x2  
  53  3:57  Drone x2  
  53  4:01  Drone x3  
  58  4:03  Overlord  
  58  4:05  Hatchery  
  58  4:09  Drone x3  
  60  4:11  Zergling x2  
  60  4:15  Zergling x2  
  60  4:16  Zergling x2  
  63  4:19  Zergling x6  
  63  4:23  Zergling x4  
  68  4:26  Zergling x4  
  68  4:29  Zergling x6  
  68  4:30  Zergling x2  
  74  4:32  Lair  
  74  4:34  Extractor x2, Drone  
  74  4:35  Drone  
  74  4:38  Overlord  
  74  4:43  Overlord  
  74  4:49  Baneling Nest  
  74  4:50  Drone  
  74  4:51  Overlord  
  74  4:56  Queen  
  74  4:59  Zergling x4, Extractor  
  77  5:00  Extractor, Drone x2  
  77  5:01  Overlord  
  77  5:05  Drone x2  
  77  5:06  Drone x2  
  83  5:07  Drone x2  
  83  5:10  Drone  
  83  5:11  Drone  
  83  5:12  Evolution Chamber  
  83  5:13  Evolution Chamber  
  84  5:18  Drone x3  
  87  5:23  Drone  
  88  5:29  Queen  
  88  5:30  Drone  
  88  5:31  Drone x3  
  88  5:35  Zergling x6  
  96  5:36  Zergling x2  
  96  5:37  Centrifugal Hooks  
  96  5:41  Hydralisk Den  
  97  5:48  Drone x2  
  99  5:50  Zerg Ground Armor Level 1  
  99  5:52  Hatchery  
  99  5:56  Zerg Melee Weapons Level 1  
  98  6:03  Drone x2  
  100  6:06  Drone x3  
  100  6:07  Drone  
  100  6:08  Zergling x16  
  112  6:19  Overlord x3  
  112  6:21  Hatchery  
  112  6:23  Muscular Augments  
  111  6:26  Baneling x9  
  111  6:40  Drone  
  111  6:41  Drone x2  
  111  6:45  Hydralisk x7  
  128  6:47  Zergling x2  
  128  6:48  Zergling x6  
  132  6:57  Drone x3  
  132  6:58  Drone  
  132  6:59  Overlord x2  
  132  7:00  Overlord x2  
  136  7:04  Evolution Chamber  
  136  7:06  Infestation Pit  
  136  7:07  Drone x2  
  136  7:08  Zergling x2  
  136  7:09  Zergling x8  
  141  7:17  Queen, Drone x2  
  145  7:31  Extractor  
  145  7:32  Hatchery, Drone x2  
  145  7:33  Drone  
  145  7:34  Zergling x24  
  145  7:36  Queen  
  160  7:44  Extractor  
  160  7:45  Zerg Ground Armor Level 2  
  160  7:46  Extractor  
  160  7:48  Zergling x2  
  160  7:49  Zergling x16  
  167  7:51  Overlord  
  167  7:54  Zerg Melee Weapons Level 2  
  167  8:00  Queen  
  167  8:01  Overlord  
  167  8:02  Overlord x2  
  167  8:04  Overlord  
  170  8:05  Zergling x2  
  170  8:06  Zergling x4  
  170  8:08  Drone  
  170  8:09  Drone x2  
  170  8:10  Drone x2  
  170  8:12  Drone  
  178  8:13  Zergling x4  
  180  8:24  Zergling x22  
  191  8:27  Zergling x8  
  191  8:30  Zergling x6  
  198  8:34  Grooved Spines  
  198  8:35  Zerg Missile Weapons Level 1  
  198  8:36  Zergling x2  
  198  8:37  Zergling x2  
  198  8:39  Baneling  
  198  8:40  Baneling x9  
  200  8:49  Baneling x12  
  200  9:00  Baneling  
  200  9:01  Baneling x19  
  200  9:21  Spire x2  
  200  9:23  Hatchery  
  197  9:25  Baneling  
  197  9:26  Baneling x10  
  197  9:29  Drone x2  
  199  9:31  Baneling  
  199  9:32  Baneling x11, Zergling x2  
  199  9:34  Hive  
  200  9:38  Pneumatized Carapace  
  200  9:56  Hatchery  
  200  9:58  Hatchery  
  198  10:07  Spine Crawler  
  198  10:08  Spine Crawler  
  198  10:09  Spine Crawler  
  195  10:15  Overseer  
  195  10:20  Zergling x2  
  179  10:37  Baneling  
  179  10:38  Baneling x16  
  159  10:47  Ultralisk Cavern  
Tags
 
Add a new tag
Caveats
  • Supply blocks, unpowered buildings, or Contaminate may cause inaccurate times.
  • Supply counts are checked every 10 seconds.